 Dungeon Crawl Stone Soup version 0.20.1-1-g8b1a95d (webtiles) character file.

558 TheGuigne the Slasher (level 7, -4/52 HPs)
             Began as a Demonspawn Abyssal Knight on Aug 11, 2017.
             Was a Believer of Lugonu.
             Slain by Menkaure (16 damage)
             ... on level 5 of the Dungeon.
             The game lasted 00:09:29 (3773 turns).

TheGuigne the Slasher (Demonspawn Abyssal Knight)   Turns: 3773, Time: 00:09:29

Health: -4/52      AC: 10    Str: 14    XL:     7   Next: 9%
Magic:  8/8        EV:  9    Int: 13    God:    Lugonu [**....]
Gold:   208        SH:  3    Dex: 13    Spells: 6/6 levels left

rFire    . . .     SeeInvis .   a - +1 falchion
rCold    . . .     Gourm    +   e - +0 buckler
rNeg     . . .     Faith    .   g - +0 ring mail
rPois    .         Spirit   .   (no helmet)
rElec    .         Reflect  .   (no cloak)
rCorr    .         Harm     .   t - +2 pair of gloves
MR       .....                  (no boots)
Stlth    +.........             k - amulet of the gourmand
Regen    0.2/turn               (no ring)
MPRegen  0.2/turn               (no ring)

@: no status effects
A: slimy green scales 1, foul stench 1, powered by death 1, rot immunity
a: Depart the Abyss, Bend Space, Renounce Religion


You were on level 5 of the Dungeon.
You worshipped Lugonu.
Lugonu was pleased with you.
You were completely stuffed.

You visited 1 branch of the dungeon, and saw 5 of its levels.
You visited the Abyss 1 time.

You collected 208 gold pieces.

Inventory:

Hand Weapons
 a - a +1 falchion (weapon)
 r - a +0 blowgun
Missiles
 d - a throwing net (quivered)
 s - 14 poisoned needles
Armour
 e - a +0 buckler (worn)
 g - a +0 ring mail (worn)
 t - a +2 pair of gloves (worn)
Jewellery
 k - an amulet of the gourmand (around neck)
Wands
 w - a wand of polymorph (11/24)
Scrolls
 b - a scroll of noise {unknown}
 f - a scroll of teleportation {unknown}
 j - 6 scrolls of amnesia {unknown}
 l - 8 scrolls of identify {unknown}
 p - 2 scrolls of recharging {unknown}
 q - a scroll of enchant weapon {unknown}
 u - 2 scrolls of remove curse {unknown}
Potions
 h - a potion of heal wounds
 m - a potion of magic {unknown}
 o - a potion of degeneration {unknown}
 v - a potion of curing {unknown}
Comestibles
 c - 5 bread rations
 i - 2 fruits
 n - a meat ration
 x - a royal jelly


   Skills:
 - Level 3.0 Fighting
 + Level 7.1 Long Blades
 - Level 1.7 Armour
 - Level 0.8 Dodging
 - Level 2.4 Invocations


You had 6 spell levels left.
You didn't know any spells.

Dungeon Overview and Level Annotations

Branches:
Dungeon (5/15)
 Temple: D:4-7

Altars:
Gozag
Qazlal
Ru
Trog

Annotations:
D:5 Menkaure


Innate Abilities, Weirdness & Mutations

You are partially covered in slimy green scales. (AC +2)
You may emit foul miasma when damaged in melee.
You regenerate a little health from kills.
You are immune to rotting.


Message History

You hit Menkaure but do no damage.
Menkaure is moderately damaged.
Menkaure rustles in an indecipherable tongue.
Menkaure barely misses you.
You riposte.
You hit Menkaure.
Menkaure is heavily damaged.
You completely miss Menkaure.
Menkaure is heavily damaged.
You hit Menkaure.
Menkaure is severely damaged.
Menkaure hits you!!
You hit Menkaure.
Menkaure is almost destroyed.
Menkaure calls on the powers of darkness!
Your body is wracked with pain!
* * * LOW HITPOINT WARNING * * *
You hit Menkaure but do no damage.
Menkaure is almost destroyed.
Menkaure giggles, "These cerements are ticklish..."
Menkaure hits you!
You die...

#...#####
#....# #....#
#....# #....#
### ##..####
#...# #.....#
......#....##
.$....M@...#
......#....#
..... #....#
.... #....#
... #....# ..
#...## .
##+##


You could see Menkaure.

Vanquished Creatures
  Sigmund (D:3)
  An ogre (D:4)
  A howler monkey (D:4)
  A crimson imp (D:5)
  A hound (D:4)
  An orc wizard (D:4)
  A worker ant (D:4)
  3 hound skeletons (D:4)
  5 adders
  A worm (D:3)
  A dart slug (D:3)
  4 leopard geckos
  8 orcs
  3 ball pythons
  10 bats
  3 giant cockroaches
  9 goblins
  6 hobgoblins
  A jackal (D:2)
  2 quokkas (D:3)
  5 frilled lizards
  A jackal skeleton (D:4)
  7 kobolds
  7 rats
83 creatures vanquished.

Notes
Turn   | Place    | Note
-------+----------+-------------------------------------------
     0 | Abyss:1  | TheGuigne the Demonspawn Abyssal Knight began the quest for the Orb.
     0 | Abyss:1  | Reached XP level 1. HP: 18/18 MP: 2/2
     0 | D:1      | Escaped the Abyss
    43 | D:1      | Reached skill level 2 in Long Blades
    73 | D:1      | Reached * piety under Lugonu
   291 | D:1      | Gained mutation: You regenerate a little health from kills. [demonic ancestry]
   291 | D:1      | Reached XP level 2. HP: 22/24 MP: 3/3
   683 | D:1      | Reached skill level 3 in Long Blades
   855 | D:2      | Found a stormy altar of Qazlal.
   861 | D:2      | Found an opulent altar of Gozag.
   863 | D:2      | Found a bloodstained altar of Trog.
  1002 | D:2      | Gained mutation: You are immune to rotting. [demonic ancestry]
  1002 | D:2      | Reached XP level 3. HP: 29/29 MP: 4/4
  1774 | D:3      | Noticed Sigmund
  1776 | D:3      | Reached ** piety under Lugonu
  1802 | D:3      | Killed Sigmund
  1802 | D:3      | Reached skill level 5 in Long Blades
  1802 | D:3      | Gained mutation: You may emit foul miasma when damaged in melee. [demonic ancestry]
  1802 | D:3      | Reached XP level 4. HP: 20/35 MP: 5/5
  1802 | D:3      | Reached XP level 5. HP: 23/41 MP: 6/6
  1913 | D:3      | Found a sacrificial altar of Ru.
  2548 | D:4      | Gained mutation: You are partially covered in slimy green scales. (AC +2) [demonic ancestry]
  2548 | D:4      | Reached XP level 6. HP: 39/47 MP: 7/7
  2570 | D:4      | Reached skill level 6 in Long Blades
  3378 | D:4      | Reached skill level 7 in Long Blades
  3378 | D:4      | Reached XP level 7. HP: 50/52 MP: 8/8
  3668 | D:5      | Entered Level 5 of the Dungeon
  3764 | D:5      | Noticed Menkaure
  3773 | D:5      | Slain by Menkaure

Skill      XL: |  1  2  3  4  5  6 |
---------------+-------------------+-----
Long Blades    | 2 3 5 7 |  7.1
Fighting       | |  3.0
Armour         | |  1.7
Dodging        | |  0.8
Invocations    | |  2.4

Action                   |  1- 3 |  4- 6 |  7- 9 || total
-------------------------+-------+-------+-------++-------
Melee: Falchion          |   140 |   160 |    26 ||   326
Invok: Depart the Abyss  |     1 |       |       ||     1
  Use: Potion            |     3 |       |       ||     3
  Eat: Chunk             |    13 |     5 |     1 ||    19
Armor: Leather armour    |    10 |       |       ||    10
       Ring mail         |    41 |    70 |     8 ||   119
Dodge: Dodged            |    69 |    66 |     6 ||   141
Block: Buckler           |    14 |    28 |     1 ||    43
       Rpst.: Falchion   |    22 |    23 |     2 ||    47
